 Dungeon Crawl Stone Soup version 0.11.3 (console) character file.

330 Lightli the Cutter (level 5, -4/33 HPs)
             Began as a Halfling Stalker on June 20, 2022.
             Slain by an iguana (11 damage)
             ... on Level 4 of the Dungeon.
             The game lasted 00:06:03 (2838 turns).

Lightli the Cutter (Halfling Stalker)               Turns: 2838, Time: 00:06:03

HP  -4/33        AC  4     Str  8      XL: 5   Next: 66%
MP   6/6         EV 17     Int 12      God:
Gold 172         SH  0     Dex 18      Spells:  2 memorised,  3 levels left

Res.Fire  : . . .   See Invis. : .   a - +2 dagger {=f}
Res.Cold  : + . .   Warding    : .   b - +0 robe
Life Prot.: . . .   Conserve   : .   (no shield)
Res.Poison: +       Res.Corr.  : .   (no helmet)
Res.Elec. : .       Clarity    : +   c - +1 cloak
Sust.Abil.: . .     Spirit.Shd : .   (no gloves)
Res.Mut.  : .       Stasis     : .   (no boots)
Res.Rott. : .       Ctrl.Telep.: .   k - amulet of clarity
Saprovore : . . .   Levitation : .   y - ring of poison resistance Ctrl.Flight: .
                                     u - ring of protection from cold

@: slightly resistant to hostile enchantments, stealthy
A: mutation resistance 1, slow metabolism 1
a: no special abilities


You were on level 4 of the Dungeon.
You were not hungry.

You visited 1 branch of the dungeon, and saw 4 of its levels.

You collected 152 gold pieces.

Inventory:

Hand weapons
 a - a +2,+2 dagger (weapon) {=f}
Armour
 b - a +0 robe (worn)
 c - a +1 cloak (worn)
Comestibles
 f - 4 bread rations
 v - 3 chokos
 A - 3 chunks of orc flesh
 B - a pear
 C - a chunk of giant cockroach flesh
Scrolls
 i - a scroll of enchant weapon I {unknown}
 l - a scroll of amnesia {unknown}
 m - 3 scrolls of enchant armour
 p - a scroll of curse weapon {unknown}
 q - 6 scrolls of teleportation
 s - 2 scrolls of noise {unknown}
Jewellery
 k - an amulet of clarity (around neck)
 u - a ring of protection from cold (left hand)
 y - a ring of poison resistance (right hand)
Potions
 e - 4 potions of confusion
 g - 2 potions of porridge {unknown}
 h - 4 potions of heal wounds {unknown}
 j - a potion of curing {unknown}
 n - 3 potions of restore abilities {unknown}
 o - a potion of agility
 r - 4 potions of magic {unknown}
 t - a potion of speed {unknown}
 w - a potion of might
 x - 2 potions of resistance {unknown}
 z - a potion of mutation {unknown}
Books
 d - a book of Stalking

   Spells                             Type                      Level
   *Fulsome Distillation              Transmutation/Necromancy     1
   *Evaporate                         Fire/Transmutation           2
   Passwall                           Transmutation/Earth          3
   Petrify                            Transmutation/Earth          4
   Dig                                Transmutation/Earth          4


   Skills:
 - Level 0.8 Fighting
 + Level 5.8 Short Blades
 - Level 3.9 Dodging
 - Level 2.7 Stealth
 - Level 2.0 Stabbing
 - Level 1.0 Spellcasting
 - Level 1.2 Transmutations


You had 3 spell levels left.
You knew the following spells:

 Your Spells              Type           Power        Failure   Level  Hunger
a - Fulsome Distillation  Trmt/Necr      N/A          28%         1    ##.....
b - Evaporate             Fire/Trmt      #......      38%         2    ###....


Dungeon Overview and Level Annotations

Branches:
Dungeon (4/27)
 Temple: D:4-7

Altars:
Elyvilon
Makhleb
Xom

Annotations
D:3 Lightli's ghost, average NaSt


Innate Abilities, Weirdness & Mutations

You are small and have problems with some larger weapons.
You are somewhat resistant to further mutation.
You have a slow metabolism.


Message History

You see here a giant cockroach corpse.
You start butchering the giant cockroach corpse with your dagger {=f}.
You continue butchering the corpse.
You finish chopping the giant cockroach corpse into pieces.
C - a chunk of giant cockroach flesh
v - 3 chokos (gained 1)
An iguana comes into view.
The iguana hisses angrily.
A dart shoots out and misses you.
Found a stone staircase leading down.
There is a dart trap here.
The iguana completely misses you.
Really walk into that dart trap?
Okay, then.
There is a stone staircase leading down here.
The iguana bites you!
* * * LOW HITPOINT WARNING * * *
Really walk into that dart trap?
You avoid triggering a dart trap.
The iguana bites you!
You die...

##+ ##### #.. #.... #.#
#.### #.####### #.# #
..######.......#
####.###
#.......>.l.##.#
#.......
########.##@##.#
#.##.### #.##.##.#
#.##.### #.......#
#.##.... ####.####
#.###### ###.# #.....#
##.#.# #.###.#
####....#########.# #.##
+............>....###...
####....#########(....##


You could see an iguana.

Vanquished Creatures
  A hound (D:4)
  A hound zombie (D:2)
  Ijyb (D:2)
  2 adders
  7 orcs
  A ball python (D:1)
  4 giant cockroaches
  5 goblins
  5 hobgoblins
  4 jackals (D:3)
  A quokka (D:3)
  10 bats
  3 giant newts (D:3)
  5 kobolds
  6 rats
56 creatures vanquished.

Vanquished Creatures (others)
  A bat (D:2)
  A kobold (D:2)
  A rat (D:2)
  2 toadstools
5 creatures vanquished.

Grand Total: 61 creatures vanquished

Notes
Turn   | Place    | Note
--------------------------------------------------------------
     0 | D:1      | Lightli, the Halfling Stalker, began the quest for the Orb.
     0 | D:1      | Reached XP level 1. HP: 13/13 MP: 1/1
    57 | D:1      | Reached skill level 3 in Dodging
   223 | D:1      | Reached XP level 2. HP: 18/18 MP: 2/2
   782 | D:2      | Found a white marble altar of Elyvilon.
   802 | D:2      | Reached XP level 3. HP: 23/23 MP: 3/3
   803 | D:2      | Noticed Ijyb
   872 | D:2      | Killed Ijyb
   956 | D:2      | Reached XP level 4. HP: 14/28 MP: 5/5
  1087 | D:2      | Learned a level 2 spell: Evaporate
  1200 | D:2      | Reached skill level 4 in Short Blades
  1286 | D:2      | Found a burning altar of Makhleb.
  1381 | D:2      | Found a shimmering altar of Xom.
  1825 | D:3      | Noticed a phantom
  2060 | D:3      | Reached XP level 5. HP: 25/33 MP: 6/6
  2477 | D:3      | Reached skill level 5 in Short Blades
  2592 | D:3      | Noticed Lightli's ghost (average NaSt)
  2838 | D:4      | Slain by an iguana
